 Dungeon Crawl Stone Soup version 0.17-a0-1805-g6093636 (console) character file.

473 nht the Cleaver (level 6, -4/78 HPs)
             Began as a Minotaur Berserker on Sept 12, 2015.
             Was a Priest of Trog.
             Slain by a gnoll
             ... wielding a +0 halberd
              (15 damage)
             ... on level 4 of the Dungeon.
             The game lasted 00:01:52 (2348 turns).

nht the Cleaver (Minotaur Berserker)                Turns: 2348, Time: 00:01:53

Health: -4/78      AC:  2    Str: 28    XL:     6   Next: 84%
Magic:  5/5        EV: 12    Int:  4    God:    Trog [***...]
Gold:   199        SH:  0    Dex: 10    Spells: 0 memorised, 5 levels left

rFire  . . .     SeeInvis .     j - +1 hand axe (venom)
rCold  . . .     Clarity  .     b - +0 animal skin
rNeg   . . .     SustAt   .     (no shield)
rPois  .         Gourm    .     (helmet restricted)
rElec  .         Spirit   .     (no cloak)
rCorr  .         Warding  .     (no gloves)
rMut   .         Stasis   .     (no boots)
MR     .....                    (no amulet)
Stlth  ..........               (no ring)
                                (no ring)

@: berserking, very quick, not resistant to hostile enchantments, extremely
unstealthy
A: retaliatory headbutt, horns 2
a: Burn Spellbooks, Berserk, Trog's Hand, Renounce Religion


You were on level 4 of the Dungeon.
You worshipped Trog.
Trog was most pleased with you.
You were very hungry.

You visited 1 branch of the dungeon, and saw 4 of its levels.

You collected 199 gold pieces.

Inventory:

Hand weapons
 a - a +0 hand axe
 j - a +1 hand axe of venom (weapon)
Armour
 b - a +0 animal skin (worn)
Magical devices
 s - a wand of draining (3)
Scrolls
 d - 3 scrolls of identify {unknown}
 f - 3 scrolls of immolation {unknown}
 k - 2 scrolls of enchant armour {unknown}
 l - 2 scrolls of random uselessness {unknown}
 m - 2 scrolls of remove curse {unknown}
 n - a scroll of enchant weapon {unknown}
 o - a scroll of magic mapping {unknown}
Potions
 e - a potion of cancellation {unknown}
 g - 2 potions of curing
 p - a potion of brilliance {unknown}
 r - a potion of might {unknown}
 t - a potion of ambrosia {unknown}
Comestibles
 c - a bread ration
 h - a beef jerky
 i - 3 meat rations
 q - 2 slices of pizza
 u - a royal jelly


   Skills:
 - Level 3.8 Fighting
 + Level 9.1 Axes
 - Level 2.7 Armour
 - Level 2.5 Dodging


You had 5 spell levels left.
You didn't know any spells.

Dungeon Overview and Level Annotations

Branches:
Dungeon (4/15)
 Temple: D:4-7

Altars:
Sif Muna


Innate Abilities, Weirdness & Mutations

You reflexively headbutt those who attack you in melee.
You have a pair of horns on your head.


Message History

* * * LOW HITPOINT WARNING * * *
The orc barely misses you. The gnoll closely misses you.
The gnoll hits you but does no damage.
Things that are here:
a ring mail; a whip Unknown command.
You closely miss the gnoll.
The gnoll is heavily wounded.
You barely miss the orc. You miss something. Something hits you.
* * * LOW HITPOINT WARNING * * *
You hit the gnoll.
The gnoll looks even sicker.
The gnoll is almost dead.
You slash something! Trog accepts your kill.
Trog appreciates your killing of a magic user.
Reactivating autopickup.
You feel a bit more experienced.
You hit the orc.
The orc is heavily wounded.
The gnoll hits you from afar with a halberd!
You die...

. .. ...██████+██ ....█
...........█ ....█
.........g.█+████ ....+
.......g)).......
....█+██
......o@......[??
.......█████+█████'█.....
.......+..+....█...+ ...
.......█..█....'...█ .
.......█..██..████+█
.......██'███'██.<.█
.......'...'.......+
.......█...█.......█
..†....█████..███..█
█+█......█ █..█ .█
..+......█ .... █


You could see 2 gnolls and an orc.

Vanquished Creatures
  The ghost of dadoka the Sneak, an average OpTm (D:3)
  A scorpion (D:4)
  An orc priest (D:4)
  Jessica (D:3)
  2 orc wizards (D:4)
  A gnoll shaman (D:4)
  Natasha (twice) (D:3)
  A worker ant (D:3)
  7 adders
  A gnoll (D:4)
  2 giant geckos
  3 orcs (D:4)
  2 ball pythons
  8 bats
  2 giant cockroaches (D:1)
  2 hobgoblins
  4 jackals (D:1)
  A kobold (D:2)
  2 quokkas
  4 giant newts
  6 goblins
  8 rats
62 creatures vanquished.

Notes
Turn   | Place    | Note
--------------------------------------------------------------
     0 | D:1      | nht the Minotaur Berserker began the quest for the Orb.
     0 | D:1      | Reached XP level 1. HP: 19/19 MP: 0/0
   227 | D:1      | Reached XP level 2. HP: 22/27 MP: 1/1
   523 | D:1      | Reached skill level 4 in Axes
   630 | D:1      | Acquired Trog's second power
   902 | D:2      | Found a deep blue altar of Sif Muna.
  1067 | D:2      | Reached XP level 3. HP: 29/33 MP: 2/2
  1160 | D:2      | Reached skill level 5 in Axes
  1558 | D:3      | Noticed Jessica
  1562 | D:3      | Killed Jessica
  1562 | D:3      | Reached XP level 4. HP: 40/40 MP: 3/3
  1609 | D:3      | Reached skill level 6 in Axes
  1651 | D:3      | Noticed dadoka's ghost (average OpTm)
  1677 | D:3      | Killed dadoka's ghost
  1677 | D:3      | Reached skill level 7 in Axes
  1677 | D:3      | Reached XP level 5. HP: 26/46 MP: 4/4
  1761 | D:3      | Noticed Natasha
  1768 | D:3      | Killed Natasha
  1976 | D:3      | Noticed Natasha
  1984 | D:3      | Killed Natasha
  1984 | D:3      | Reached XP level 6. HP: 38/52 MP: 5/5
  2176 | D:3      | Reached skill level 8 in Axes
  2345 | D:4      | Reached skill level 9 in Axes
  2348 | D:4      | Slain by a gnoll

Vault maps used:
D:1:      onia_arrival_mini_maze_b
D:2:      lemuel_round_altar
D:3:      uniq_natasha, uniq_jessica
D:4:      first_bread

Action                   |  1- 3 |  4- 6 || total
-------------------------+-------+-------++-------
Melee: Hand axe          |    69 |    52 ||   121
Invok: Berserk           |     1 |     3 ||     4
  Use: Potion            |     1 |       ||     1
  Eat: Chunk             |     2 |     3 ||     5
       Fruit             |       |     2 ||     2
